 Dungeon Crawl Stone Soup version 0.18.1-47-g9310371 (webtiles) character file.

1088 sugabear the Slasher (level 8, -4/40 HPs)
             Began as a Vine Stalker Gladiator on June 14, 2016.
             Was a Follower of the Shining One.
             Killed by divine providence
             ... invoked by an orc priest
              (10 damage)
             ... on level 6 of the Dungeon.
             The game lasted 00:07:05 (4999 turns).

sugabear the Slasher (Vine Stalker Gladiator)       Turns: 4999, Time: 00:07:05

Health: -4/40      AC: 17    Str: 20    XL:     8   Next: 30%
Magic:  0/12       EV:  9    Int:  8    God:    the Shining One [*.....]
Gold:   299        SH:  4    Dex: 15    Spells: 0 memorised, 7 levels left

rFire  . . .     SeeInvis +     a - +0 long sword
rCold  . . .     Gourm    .     H - +0 shadow dragon armour
rNeg   . . .     Faith    .     w - +0 buckler
rPois  +         Spirit   +     c - +0 helmet
rElec  .         Dismiss  .     A - +1 cloak {rPois}
rCorr  .         Reflect  .     s - +1 pair of gloves {archery}
SustAt .         Harm     .     (no boots)
MR     ++...                    (no amulet)
Stlth  +.........               z - ring of protection from magic
                                p - ring of see invisible

@: glowing, very resistant to hostile enchantments, very unstealthy
A: fangs 3, regeneration 2, magic shield, antimagic bite, no device heal 3, rot
immunity
a: Renounce Religion


You were on level 6 of the Dungeon.
You worshipped the Shining One.
The Shining One was aware of your devotion.
You were hungry.

You visited 1 branch of the dungeon, and saw 6 of its levels.

You collected 299 gold pieces.

Inventory:

Hand Weapons
 a - a +0 long sword (weapon)
Missiles
 d - 4 throwing nets (quivered)
Armour
 c - a +0 helmet (worn)
 s - a +1 pair of gloves of archery (worn)
 v - a +0 ring mail
 w - a +0 buckler (worn)
 A - a +1 cloak of poison resistance (worn)
 H - a +0 shadow dragon armour (worn)
Jewellery
 p - a ring of see invisible (left hand)
 z - a ring of protection from magic (right hand)
Wands
 G - a wand of paralysis (17/24)
Scrolls
 b - a scroll of enchant armour {unknown}
 e - 2 scrolls of recharging
 h - 2 scrolls of remove curse
 j - 7 scrolls of identify {unknown}
 n - 3 scrolls of amnesia {unknown}
 o - 3 scrolls of noise {unknown}
 y - a scroll of fear {unknown}
 F - a scroll of teleportation {unknown}
 I - a scroll of summoning {unknown}
Potions
 g - a potion of lignification {unknown}
 i - 5 potions of curing {unknown}
 l - 2 potions of heal wounds {unknown}
 q - a potion of might {unknown}
 r - 2 potions of agility {unknown}
 t - a potion of mutation {unknown}
 u - 2 potions of ambrosia {unknown}
 B - 2 potions of flight {unknown}
 C - a potion of cancellation {unknown}
 D - 2 potions of haste {unknown}
Comestibles
 f - 5 bread rations
 k - 3 royal jellies
 m - 7 meat rations
 x - 2 slices of pizza
 E - 4 chunks of flesh


   Skills:
 + Level 3.4 Fighting
 + Level 4.3 Long Blades
 + Level 2.1 Throwing
 + Level 3.5 Armour
 + Level 4.2 Dodging
 + Level 1.5 Stealth
 + Level 1.4 Shields
 * Level 4.0 Invocations


You had 7 spell levels left.
You didn't know any spells.

Dungeon Overview and Level Annotations

Branches:
Dungeon (6/15)
 Temple: D:4-7

Altars:
Gozag
Kikubaaqudgha
Okawaru
Ru
Trog
The Shining One


Innate Abilities, Weirdness & Mutations

You have razor-sharp teeth.
You heal very quickly.
When hurt, damage is shared between your health and your magic reserves.
Your bite disrupts and absorbs the magic of your enemies.
Potions and wands cannot restore your health.
You are immune to rotting.


Message History

The orc warrior hits you but does no damage.
The orc priest casts a cantrip, but nothing happens.
You hit the orc warrior. Your bite misses the orc warrior.
The orc warrior is heavily wounded.
The orc warrior hits you with a war axe!
The orc priest miscasts a cantrip.
The orc priest invokes the aid of Beogh against you.
Beogh smites you!
* * * LOW HITPOINT WARNING * * *
The orc priest miscasts a cantrip.
The orc warrior barely misses you.
The orc priest calls down the wrath of Beogh upon you.
Beogh smites you!
* * * LOW HITPOINT WARNING * * *
Found a leather armour.
Unknown command.
The orc priest casts a cantrip, but nothing happens.
The orc priest calls down the wrath of Beogh upon you.
Beogh smites you!
You die...

##o# #...##......#.....$
#(Z## ##..##†#.###.o..##.#
....####.###.##.# ##o.....#
..##..#....#..#.###...##..#
....#........#..#.....## .#
###..............o.o...##
##.......####.........#.
+##...))...# ##..o..........#
.......)....##..@........##..
...8.......)...<...........
.8...........................
.............................
#............................
.............................
#####.............#.......
.......[........


You could see an orc warrior, 3 orc priests and an orc.

Vanquished Creatures
  Edmund (D:4)
  An ice beast (D:5)
  A scorpion (D:4)
  2 howler monkeys
  2 centaur zombies (D:5)
  A hound (D:4)
  2 jellies
  2 centaur skeletons
  2 orc wizards (D:5)
  Crazy Yiuf (D:4)
  3 iguanas
  4 worker ants
  9 gnolls
  10 adders
  A shadow imp (D:5)
  An adder skeleton (D:4)
  4 worms
  3 dart slugs
  3 giant geckos
  13 orcs
  A ball python (D:5)
  2 giant cockroaches
  8 goblins
  10 hobgoblins
  4 jackals (D:5)
  7 bats
  A giant gecko skeleton (D:4)
  2 giant newts
  A jackal zombie (D:5)
  6 kobolds
  4 rats
112 creatures vanquished.

Notes
Turn   | Place    | Note
--------------------------------------------------------------
     0 | D:1      | sugabear the Vine Stalker Gladiator began the quest for the Orb.
     0 | D:1      | Reached XP level 1. HP: 11/11 MP: 2/2
   139 | D:1      | Reached XP level 2. HP: 15/15 MP: 3/3
   654 | D:1      | Reached XP level 3. HP: 18/18 MP: 4/4
   958 | D:2      | Found a glowing golden altar of the Shining One.
  1006 | D:2      | Became a worshipper of the Shining One
  1044 | D:2      | Reached skill level 1 in Stealth
  1047 | D:2      | Reached XP level 4. HP: 12/23 MP: 3/5
  1090 | D:2      | Found an iron altar of Okawaru.
  1119 | D:2      | Found an opulent altar of Gozag.
  1327 | D:2      | Found a faded altar to an unknown god.
  1387 | D:2      | Reached skill level 1 in Invocations
  1706 | D:3      | Reached skill level 1 in Armour
  1706 | D:3      | Reached XP level 5. HP: 11/26 MP: 6/6
  2235 | D:3      | Found an ancient bone altar of Kikubaaqudgha.
  2235 | D:3      | Found a bloodstained altar of Trog.
  2282 | D:3      | Found a sacrificial altar of Ru.
  2655 | D:4      | Noticed Edmund
  2694 | D:4      | Killed Edmund
  2694 | D:4      | Gained mutation: You heal very quickly. [Vine Stalker growth]
  2694 | D:4      | Reached XP level 6. HP: 5/31 MP: 8/8
  3115 | D:4      | Reached XP level 7. HP: 35/35 MP: 9/9
  3512 | D:4      | Noticed Crazy Yiuf
  3516 | D:4      | Killed Crazy Yiuf
  3557 | D:5      | Entered Level 5 of the Dungeon
  3588 | D:5      | Found a glowing golden altar of the Shining One.
  3982 | D:5      | Reached * piety under the Shining One
  4157 | D:5      | Got a warped spear
  4158 | D:5      | Identified the cursed +1 spear of Gluttony {venom, rPois MP+9} (You found it on level 5 of the Dungeon)
  4221 | D:5      | Reached skill level 1 in Shields
  4224 | D:5      | Gained mutation: You have razor-sharp teeth. [Vine Stalker growth]
  4224 | D:5      | Reached XP level 8. HP: 27/40 MP: 11/11
  4999 | D:6      | Killed from afar by an orc priest

Skill      XL: |  1  2  3  4  5  6  7  8 |
---------------+-------------------------+-----
Throwing       | 2 |  2.1
Long Blades    | 3 4 |  4.3
Stealth        | 1 |  1.5
Invocations    | 1 2 3 4 |  4.0
Fighting       | 2 3 |  3.4
Dodging        | 3 4 |  4.2
Armour         | 1 2 3 |  3.5
Shields        | 1 |  1.4

Action                   |  1- 3 |  4- 6 |  7- 9 || total
-------------------------+-------+-------+-------++-------
Melee: Long sword        |    55 |   170 |   181 ||   406
       Bite              |    14 |    61 |    52 ||   127
  Use: Scroll            |       |       |     2 ||     2
 Stab: Sleeping          |     3 |       |       ||     3
  Eat: Chunk             |       |     7 |     6 ||    13
Armor: Leather armour    |     6 |    29 |       ||    35
       Ring mail         |       |    21 |    92 ||   113
       Shadow dragon arm |       |       |    34 ||    34
Dodge: Dodged            |    50 |   127 |   156 ||   333
Block: Buckler           |       |     3 |    49 ||    52
